 Seeded DCSS version 0.28.0-53-g5a82cb258f (webtiles) character file.

Game seed: 1973 (custom seed)

2650 Kazon the Skirmisher (level 9, -8/47 HPs)
             Began as a Vine Stalker Fighter on July 13, 2022.
             Was a Follower of Makhleb.
             Mangled by Prince Ribbit (10 damage)
             ... on level 8 of the Dungeon.
             The game lasted 00:24:32 (5785 turns).

Kazon the Skirmisher (Vine Stalker Fighter)         Turns: 5785, Time: 00:24:33

Health: -8/47      AC:  8    Str: 23    XL:     9   Next: 62%
Magic:  0/13       EV:  7    Int:  8    God:    Makhleb [*.....]
Gold:   207        SH: 13    Dex: 14    Spells: 8/8 levels left

rFire   . . .      SeeInvis .   e - +1 short sword (venom)
rCold   . . .      Faith    .   c - +0 tower shield
rNeg    . . .      Spirit   +   b - +0 scale mail
rPois   +          Reflect  .   (no helmet)
rElec   .          Harm     .   (no cloak)
rCorr   .          Rampage  .   (no gloves)
Will    +....                   J - +0 pair of boots
Stlth   +.........              i - amulet of magic regeneration
HPRegen 0.95/turn               F - ring of poison resistance
MPRegen 0.53/turn               (no ring)

@: mighty, marked
A: fangs 3, regeneration 1, magic shield, antimagic bite, no potion heal 2
a: Renounce Religion


You were on level 8 of the Dungeon.
You worshipped Makhleb.
Makhleb was aware of your devotion.
You visited 2 branches of the dungeon, and saw 9 of its levels.

You collected 339 gold pieces.
You spent 132 gold pieces at shops.

Inventory:

Hand Weapons
 a - the +6 quick blade "Rifeu" {freeze, Will+ SInv}
   (You acquired it on level 5 of the Dungeon)

   It freezes those it strikes, dealing additional cold damage.
   It can also slow down cold-blooded creatures.
   SInv:      It lets you see invisible.
   Will:      It increases your willpower.
 e - a +1 short sword of venom (weapon)
 v - a +2 vampiric dagger
Missiles
 g - 172 stones (quivered)
 j - 8 poisoned darts
Armour
 b - a +0 scale mail (worn)
 c - a +0 tower shield (worn)
 n - an orb of wrath
 B - a +0 leather armour of fire resistance
 J - a +0 pair of boots (worn)
Jewellery
 i - an amulet of magic regeneration (around neck)
 m - an amulet of faith
 o - a ring of fire
 F - a ring of poison resistance (left hand)
Wands
 q - a wand of flame (23)
Scrolls
 f - a scroll of amnesia
 h - 5 scrolls of teleportation
 k - a scroll of identify
 r - a scroll of fog
 w - a scroll of fear {unknown}
 y - 2 scrolls of immolation {unknown}
 A - a scroll of vulnerability {unknown}
 C - a scroll of enchant armour {unknown}
Potions
 d - 3 potions of might
 l - 5 potions of curing
 p - 2 potions of berserk rage
 s - 2 potions of flight {unknown}
 t - a potion of cancellation {unknown}
 u - a potion of resistance {unknown}
 x - 2 potions of attraction {unknown}
 z - 3 potions of heal wounds {unknown}
 D - 2 potions of invisibility {unknown}
 E - a potion of ambrosia
 G - a potion of mutation
 H - a potion of lignification
 I - a potion of brilliance {unknown}


   Skills:
 * Level 5.3 Fighting
 + Level 5.0 Short Blades
 + Level 3.6 Throwing
 + Level 5.2 Armour
 + Level 2.0 Dodging
 + Level 3.2 Stealth
 + Level 3.6 Shields
 * Level 4.2 Invocations
 * Level 3.7 Evocations


You had 8 spell levels left.
You didn't know any spells.
Your spell library contained the following spells:

 Spells                   Type           Power      Damage    Failure   Level
 Sting                    Tmut/Pois      0%         1d3       100%        1
 Ensorcelled Hibernation  Hex/Ice        0%         N/A       100%        2
 Poisonous Vapours        Pois/Air       0%         N/A       100%        2
 Sublimation of Blood     Necr           0%         N/A       100%        2
 Portal Projectile        Hex/Tloc       0%         N/A       100%        3
 Spider Form              Tmut/Pois      0%         N/A       100%        3
 Anguish                  Hex/Necr       0%         N/A       100%        4
 Hailstorm                Conj/Ice       0%         3d3       100%        4
 Ice Form                 Ice/Tmut       0%         N/A       100%        4
 Olgreb's Toxic Radiance  Pois           0%         N/A       100%        4
 Petrify                  Tmut/Erth      0%         N/A       100%        4
 Blade Hands              Tmut           0%         N/A       100%        5
 Excruciating Wounds      Necr           0%         N/A       100%        5
 Irradiate                Conj/Tmut      0%         3d14      100%        5
 Summon Forest            Summ/Tloc      0%         N/A       100%        5
 Eringya's Noxious Bog    Tmut/Pois      0%         N/A       100%        6
 Simulacrum               Ice/Necr       0%         N/A       100%        6
 Summon Hydra             Summ           0%         N/A       100%        7


Dungeon Overview and Level Annotations

Branches:
Dungeon (8/15)             Temple (1/1) D:4
   Lair: D:8-11

Altars:
Cheibriados
Elyvilon
Fedhas
Kikubaaqudgha
Makhleb
Nemelex Xobeh
Sif Muna
Trog
Uskayaw
Xom

Shops:
D:6 !

Annotations:
D:8 Harold, Prince Ribbit


Innate Abilities, Weirdness & Mutations

You have razor-sharp teeth.
Your natural rate of healing is unusually fast.
When hurt, damage is shared between your health and your magic reserves.
Your bite disrupts and absorbs the magic of your enemies.
Potions cannot restore your health.


Message History

You struggle against the net.
You tear a large gash into the net.
You rip the net and break free!
You block Harold's attack.
You hit Harold but do no damage.
Harold is poisoned.
You bite Harold.
Harold's magic leaks into the air.
You drain his magic.
Harold is lightly wounded.
Prince Ribbit hits you!
Harold thinks, and says "Perhaps I'll take up painting after I'm done here..."
Harold gestures at you while chanting. A sentinel's mark forms upon you.
You hit Prince Ribbit.
Prince Ribbit is poisoned.
Prince Ribbit is lightly wounded.
Harold's magic is no longer disrupted.
Prince Ribbit lets out a mournful croak.
Prince Ribbit hits you! Harold hits you with a +0 mace. Prince Ribbit hits you!
* * * LOW HITPOINT WARNING * * *
Unknown command.
Harold says, "I was hoping my final job would be more of a challenge, but money is money."
You feel very mighty all of a sudden.
Prince Ribbit blinks!
Harold says happily, "The price on your head will fill my nest egg nicely!"
You block Harold's attack. Prince Ribbit hits you.
* * * LOW HITPOINT WARNING * * *
You hit Harold.
Harold looks even sicker.
You bite Harold, but do no damage.
Harold is lightly wounded.
Harold pauses a moment, imagining something with a smile on his face.
Harold hits you with a +0 mace.
Prince Ribbit sighs, "It's not easy being green!"
Prince Ribbit closely misses you.
You miss Prince Ribbit.
Prince Ribbit is moderately wounded.
Prince Ribbit closely misses you. You block Harold's attack.
You block Prince Ribbit's attack. Harold hits you with a +0 mace!
* * * LOW HITPOINT WARNING * * *
You hit Harold.
Harold looks as sick as possible!
Your bite misses Harold.
Harold is moderately wounded.
You block Prince Ribbit's attack.
Harold considers, "I think I'll use your bounty to get a cattle farm..."
Harold barely misses you. Prince Ribbit hits you!
You die...

.............+...#
#....###
.............#...#
######
+###+####†####...#
......†††.#....#
..........#....+
..........'>...####++#
##..########'###.....#
#.. ..###...#.....#
#.. #......F@#.....#
#. +........@.....#
#........#.....#
########+#.....#
..#+## ..# ..# (.# ...


You could see Harold (extremely poisoned) and Prince Ribbit (very poisoned).

Vanquished Creatures
  A komodo dragon (D:7)
  A water moccasin (D:4)
  A black bear (D:7)
  A sky beast (D:7)
  2 necrophages
  3 ogres
  A phantom (D:3)
  2 bullfrogs
  3 scorpions
  12 killer bees
  4 wights (D:7)
  A bullfrog zombie (D:6)
  2 centaur zombies (D:5)
  2 hounds
  A centaur skeleton (D:7)
  A jelly (D:6)
  An orc priest (D:7)
  A bullfrog skeleton (D:6)
  An iron imp (D:3)
  Jessica (D:2)
  2 iguanas
  A hound skeleton (D:4)
  4 gnolls (D:2)
  A howler monkey skeleton (D:4)
  6 adders
  A white imp (D:5)
  An ufetubus (D:4)
  A worm (D:2)
  A dart slug (D:3)
  6 orcs
  13 ball pythons
  5 endoplasms
  6 giant cockroaches
  9 goblins
  9 hobgoblins
  9 jackals (D:1)
  11 kobolds
  6 quokkas
  2 bats
  6 frilled lizards
  6 rats
148 creatures vanquished.

Notes
Turn   | Place    | Note
-------+----------+-------------------------------------------
     0 | D:1      | Kazon the Vine Stalker Fighter began the quest for the Orb.
     0 | D:1      | Reached XP level 1. HP: 11/11 MP: 2/2
   255 | D:1      | Reached XP level 2. HP: 15/16 MP: 3/3
   373 | D:1      | Reached XP level 3. HP: 17/20 MP: 2/4
   901 | D:2      | Reached skill level 1 in Throwing
  1128 | D:2      | Noticed Jessica
  1134 | D:2      | Killed Jessica
  1135 | D:2      | Reached skill level 1 in Dodging
  1135 | D:2      | Gained mutation: Your natural rate of healing is unusually
                  | fast. [Vine Stalker growth]
  1135 | D:2      | Reached XP level 4. HP: 23/24 MP: 3/5
  1355 | D:2      | Found a faded altar of an unknown god.
  1630 | D:2      | Reached XP level 5. HP: 26/28 MP: 6/6
  1774 | D:3      | Noticed a phantom
  1781 | D:3      | Killed a phantom
  1782 | D:3      | Reached XP level 6. HP: 29/32 MP: 7/7
  1869 | D:3      | Found a bloodstained altar of Trog.
  2148 | D:3      | Found a sparkling altar of Nemelex Xobeh.
  2391 | D:3      | Found a snail-covered altar of Cheibriados.
  2694 | D:4      | Found a staircase to the Ecumenical Temple.
  2701 | Temple   | Entered the Ecumenical Temple
  2728 | Temple   | Became a worshipper of Makhleb the Destroyer
  2759 | D:4      | Reached skill level 1 in Stealth
  2771 | D:4      | Found a hide-covered altar of Uskayaw.
  3057 | D:4      | Noticed a water moccasin
  3071 | D:4      | Killed a water moccasin
  3072 | D:4      | Reached skill level 1 in Invocations
  3072 | D:4      | Reached skill level 1 in Evocations
  3072 | D:4      | Reached XP level 7. HP: 11/37 MP: 6/8
  3086 | D:5      | Entered Level 5 of the Dungeon
  3458 | D:5      | Reached * piety under Makhleb
  3459 | D:5      | Gained mutation: You have razor-sharp teeth. [Vine Stalker
                  | growth]
  3459 | D:5      | Reached XP level 8. HP: 42/42 MP: 10/10
  3638 | D:5      | Identified a scroll of acquirement
  3638 | D:5      | Acquired the +6 quick blade "Rifeu" {freeze, Will+ SInv}
  4362 | D:6      | Found Vaffell's Distillery.
  4376 | D:6      | Bought a potion of mutation for 96 gold pieces
  4376 | D:6      | Bought a potion of lignification for 36 gold pieces
  4410 | D:6      | Found a shimmering altar of Xom.
  4762 | D:7      | Reached XP level 9. HP: 30/46 MP: 10/12
  5049 | D:7      | Noticed a komodo dragon
  5058 | D:7      | Killed a komodo dragon
  5059 | D:7      | Reached skill level 5 in Fighting
  5059 | D:7      | Reached skill level 5 in Armour
  5753 | D:8      | Reached skill level 5 in Short Blades
  5775 | D:8      | Noticed Prince Ribbit
  5775 | D:8      | Noticed Harold
  5784 | D:8      | HP: 1/47 [Harold/+0 mace (6)]
  5785 | D:8      | Mangled by Prince Ribbit

Illustrated notes

Levels and vault maps discovered:
D:1:      scummos_arrival_simple_crosswalls, layout_basic, minmay_tripent
D:2:      layout_basic, shapermc_ecumenical_altar_totnotflames, uniq_jessica
D:3:      minmay_skewed_foursquare, layout_basic, slow_altar_1,
          nemelex_diamond_rough_becter, mainiacjoe_overflow_surrounded_room
D:4:      layout_basic, nicolae_uskayaw_murder_on_the_dancefloor,
          minmay_temple_entry_mist, hex_tiny, hangedman_decor_diamond_cutter,
          minmay_misc_feat_tiny
D:5:      layout_basic
D:6:      layout_cave_pools, tgw_xom, serial_shops, shop, minmay_misc_feat_rows
D:7:      layout_basic
D:8:      layout_gridville, lemuel_crystal_altar, zin_scriptorium,
          lightli_ossuary_entry_decrepit_ruins, kennysheep_generic_room_12,
          uniq_prince_ribbit1, uniq_gastronok, uniq_harold
Temple:   cyrus_temple_forest

Skill      XL: |  1  2  3  4  5  6  7  8  9 |
---------------+----------------------------+-----
Fighting       | 3 4 5 |  5.3
Short Blades   | 2 3 4 5 |  5.0
Throwing       | 1 2 3 |  3.6
Armour         | 3 4 5 |  5.2
Dodging        | 1 2 |  2.0
Shields        | 3 |  3.6
Stealth        | 1 2 3 |  3.2
Invocations    | 1 3 4 |  4.2
Evocations     | 1 2 3 |  3.7

Action                   |  1- 3 |  4- 6 |  7- 9 || total
-------------------------+-------+-------+-------++-------
Melee: Dagger            |   136 |    24 |       ||   160
       Rapier            |     3 |       |       ||     3
       Bite              |    28 |    39 |    54 ||   121
       Short sword       |       |   133 |    77 ||   210
       Quick blade       |       |       |   109 ||   109
Throw: Stone             |    33 |    81 |    52 ||   166
       Dart              |       |       |     4 ||     4
  Use: Scroll            |       |     8 |     5 ||    13
       Potion            |       |       |     1 ||     1
Armor: Scale mail        |    45 |    56 |    64 ||   165
Dodge: Dodged            |    47 |    70 |    67 ||   184
Block: Buckler           |    18 |    31 |    13 ||    62
       Tower shield      |       |       |    39 ||    39
